 Dungeon Crawl Stone Soup version 0.24-b1 (webtiles) character file.

Game seed: 16265724992116125729, levelgen mode: deterministic

21769 Johnny the Geomancer (level 12, -4/104 HPs)
             Began as a Demigod Earth Elementalist on Oct 13, 2019.
             Shot with an arrow by a centaur (6 damage)
             ... on level 13 of the Dungeon.
             The game lasted 00:24:56 (18943 turns).

Johnny the Geomancer (Demigod Earth Elementalist)  Turns: 18943, Time: 00:24:57

Health: -4/104     AC:  9    Str: 11    XL:     12   Next: 26%
Magic:  1/29       EV: 13    Int: 32    God:
Gold:   655        SH:  0    Dex: 16    Spells: 16/29 levels left

rFire    + . .     SeeInvis .   e - +7 war axe (freeze)
rCold    + + +     Gourm    .   (no shield)
rNeg     . . .     Faith    .   C - +2 leather armour {rC+}
rPois    +         Spirit   .   (no helmet)
rElec    +         Reflect  .   D - +2 cloak
rCorr    +         Harm     +   A - +0 pair of gloves
MR       +....                  (no boots)
Stlth    ++........             w - amulet of harm
HPRegen  0.27/turn              y - +5 ring of intelligence
MPRegen  0.21/turn              s - ring of protection from cold

@: resistant, barbed spikes, hasted, very quick
A: high mp 1
a: no special abilities


You were on level 13 of the Dungeon.
You were not hungry.

You visited 2 branches of the dungeon, and saw 14 of its levels.
You also visited: Sewer.

You collected 847 gold pieces.
You spent 192 gold pieces at shops.

Inventory:

Hand Weapons
 e - a +7 war axe of freezing (weapon)
 m - a +3 quarterstaff of chaos
Missiles
 b - 231 stones (quivered)
Armour
 l - a +0 pair of gloves
 n - a +2 leather armour of cold resistance
 A - a +0 pair of gloves (worn)
 C - a +2 leather armour of cold resistance (worn)
 D - a +2 cloak (worn)
Jewellery
 k - an uncursed ring of fire
 o - an uncursed ring of see invisible
 s - a ring of protection from cold (right hand)
 u - the ring of Fevem {+Fly rElec rC- Dex+4 Stlth+}
   (You found it on level 4 of the Dungeon)

   [ring of flight]

   It affects your dexterity (+4).
   It makes you vulnerable to cold.
   It insulates you from electricity.
   It lets you fly.
   It makes you more stealthy.
 w - an amulet of harm (around neck)
 x - an uncursed ring of fire
 y - a +5 ring of intelligence (left hand)
Scrolls
 g - 6 scrolls of remove curse
 h - a scroll of teleportation
 q - 3 scrolls of amnesia
 B - 2 scrolls of magic mapping
 F - 3 scrolls of enchant armour
Potions
 a - a potion of degeneration
 c - 2 potions of flight
 p - a potion of brilliance {unknown}
 r - a potion of curing
 t - a potion of resistance
 v - a potion of magic {unknown}
 z - a potion of mutation {unknown}
 E - a potion of cancellation
Comestibles
 d - 18 rations


   Skills:
 - Level 9.1 Fighting
 + Level 3.7 Dodging
 - Level 1.7 Stealth
 + Level 9.2 Spellcasting
 - Level 0.8 Transmutations
 * Level 13.6 Earth Magic


You had 16 spell levels left.
You knew the following spells:

 Your Spells              Type           Power        Failure   Level  Hunger
a - Sandblast             Erth           ######       0%          1    None
b - Stone Arrow           Conj/Erth      ######       1%          3    None
c - Lee's Rapid Deconstr  Erth           #######...   1%          5    ###....
d - Petrify               Tmut/Erth      ######..     2%          4    None

Your spell library contained the following spells:

 Spells                   Type           Power        Failure   Level  Hunger
 Passwall                 Tmut/Erth      ######..     1%          2    None
 Animate Skeleton         Necr           N/A          4%          1    None
 Apportation              Tloc           ##....       4%          1    None
 Confusing Touch          Hex            ##....       4%          1    None
 Summon Small Mammal      Summ           ##..         4%          1    None
 Confuse                  Hex            ##......     13%         3    None
 Gell's Gravitas          Tloc           ##........   13%         3    None
 Yara's Violent Unravell  Hex/Tmut       ###.......   71%         5    ###....
 Metabolic Englaciation   Hex/Ice        ##........   77%         5    ###....


Dungeon Overview and Level Annotations

Branches:
Dungeon (13/15)            Temple (0/1) D:4            Lair (0/6) D:11
    Orc (1/2) D:9           Sewer (visited)
 Vaults: D:13-14

Shops:
D:10 %   D:11 ?

Portals:
Trove: D:12 (give +4 demon blade)

Annotations:
D:4 2 runed translucent doors
D:10 Josephine


Innate Abilities, Weirdness & Mutations

You have an increased reservoir of magic. (+10% MP)


Message History

Confirm with . or Enter, or press ? or * to list all spells.
Aiming: Sandblast (safe; 0% risk of failure)
Press: ? - help, Shift-Dir - straight line, f/p - manticore
Aim: a manticore (almost dead)
The blast of sand hits the manticore!
You kill the manticore!
b - 232 stones The centaur shoots an arrow.
The arrow completely misses you.
Casting: Sandblast (safe; 0% risk of failure)
Confirm with . or Enter, or press ? or * to list all spells.
You don't have enough magic to cast that spell.
Casting: Sandblast (safe; 0% risk of failure)
Confirm with . or Enter, or press ? or * to list all spells.
Aiming: Sandblast (safe; 0% risk of failure)
Press: ? - help, Shift-Dir - straight line, f - centaur
Aim: a centaur, wielding a +0 shortbow of flaming and wearing an uncursed ring of protection from magic The blast of sand misses the centaur.
b - 231 stones The centaur shoots an arrow.
The arrow hits you.
You die...

################# ..
................. . .
................ .[
..............# .....###
..............# .........
.......c......###....c.....
....#...............###..##
. .#.........<.........
.........@........... .
..........(...)...... .
##################### ##


You could see a centaur.

Vanquished Creatures
  2 hydras
  2 centaur warriors
  A catoblepas (D:13)
  A two-headed ogre (D:12)
  Erica (D:11)
  Nergalle (D:12)
  5 slime creatures (D:12)
  2 unseen horrors (D:12)
  4 ugly things
  A cyclops (D:12)
  2 manticores
  A gargoyle (D:13)
  A komodo dragon (D:12)
  3 meliai (D:13)
  A troll (D:9)
  A hippogriff (D:12)
  A vampire (D:12)
  2 wraiths (D:10)
  A human (D:8)
  4 yaks
  3 hungry ghosts
  3 wargs (D:11)
  2 acid dragons (D:13)
  A water moccasin (D:10)
  7 orc warriors
  3 sky beasts
  4 phantoms
  A black bear (D:4)
  An eye of draining (D:13)
  3 ice beasts
  7 necrophages
  2 ogres
  5 centaurs
  3 crocodiles
  10 big kobolds
  A wyvern zombie (D:12)
  9 bullfrogs
  3 scorpions
  6 killer bees (D:12)
  9 wights
  4 howler monkeys
  3 crimson imps
  A centaur zombie (D:10)
  12 orc priests
  4 quasits
  5 hounds
  3 jellies
  Crazy Yiuf (D:2)
  A centaur skeleton (D:12)
  Jessica (D:2)
  3 iguanas
  Terence (D:2)
  15 orc wizards
  6 worker ants
  A hound skeleton (D:4)
  15 gnolls
  22 adders
  A river rat (Sewer)
  4 shadow imps
  An ooze (Sewer)
  2 adder skeletons
  3 adder zombies
  9 worms
  2 dart slugs
  7 leopard geckos
  51 orcs
  6 ball pythons
  7 bats
  7 giant cockroaches
  3 goblins
  10 hobgoblins
  8 jackals
  5 quokkas
  A ball python skeleton (D:4)
  4 frilled lizards
  A jackal skeleton (D:4)
  24 kobolds
  2 leopard gecko skeletons
  A quokka skeleton (D:5)
  2 quokka zombies
  19 rats
  A bush (D:7)
399 creatures vanquished.

Vanquished Creatures (others)
  3 plants (D:7)
3 creatures vanquished.

Grand Total: 402 creatures vanquished

Notes
Turn   | Place    | Note
-------+----------+-------------------------------------------
     0 | D:1      | Johnny the Demigod Earth Elementalist began the quest for
                  | the Orb.
     0 | D:1      | Reached XP level 1. HP: 14/14 MP: 5/5
   256 | D:1      | Reached skill level 3 in Earth Magic
   467 | D:1      | Reached XP level 2. HP: 11/22 MP: 5/7
  1182 | D:2      | Reached skill level 1 in Fighting
  1422 | D:2      | Noticed Jessica
  1427 | D:2      | Killed Jessica
  1427 | D:2      | Reached XP level 3. HP: 28/28 MP: 7/9
  1630 | D:2      | Noticed Terence
  1638 | D:2      | Killed Terence
  1638 | D:2      | Reached XP level 4. HP: 35/35 MP: 4/10
  1778 | D:2      | Reached skill level 4 in Earth Magic
  2289 | D:2      | Found a runed translucent door.
  2290 | D:2      | Noticed Crazy Yiuf
  2580 | D:2      | Killed Crazy Yiuf
  2580 | D:2      | Reached XP level 5. HP: 41/41 MP: 9/12
  2771 | D:3      | Found a glowing drain.
  2779 | Sewer    | Entered a sewer
  2972 | Sewer    | Reached skill level 5 in Earth Magic
  2972 | Sewer    | Reached XP level 6. HP: 38/50 MP: 13/13
  3603 | Sewer    | Reached XP level 7. HP: 54/57 MP: 15/15
  3935 | Sewer    | Reached skill level 6 in Earth Magic
  4194 | D:3      | Found a burning altar of Makhleb.
  4526 | D:3      | Found a hazy altar of Hepliaklqana.
  5100 | D:4      | Found a staircase to the Ecumenical Temple.
  5443 | D:4      | Found a large runed translucent door.
  5443 | D:4      | Found a large runed translucent door.
  5495 | D:4      | Found a large runed translucent door.
  5495 | D:4      | Found a large runed translucent door.
  5510 | D:4      | Got a brightly glowing iron ring
  5511 | D:4      | Identified the ring of Fevem {+Fly rElec rC- Dex+4 Stlth+}
                  | (You found it on level 4 of the Dungeon)
  5911 | D:4      | Reached XP level 8. HP: 66/66 MP: 13/18
  5919 | D:4      | Reached skill level 7 in Earth Magic
  6693 | D:5      | Entered Level 5 of the Dungeon
  6799 | D:5      | Reached skill level 5 in Spellcasting
  6986 | D:5      | Reached skill level 5 in Fighting
  7238 | D:5      | Reached skill level 8 in Earth Magic
  8257 | D:6      | Found an ornate altar of the Wu Jian Council.
  8484 | D:6      | Reached XP level 9. HP: 72/74 MP: 20/20
  9141 | D:7      | Reached skill level 9 in Earth Magic
  9171 | D:7      | Found an ancient bone altar of Kikubaaqudgha.
  9306 | D:7      | Found a blossoming altar of Fedhas.
  9627 | D:7      | Found a bloodstained altar of Trog.
  9628 | D:7      | Found a white marble altar of Elyvilon.
 10407 | D:8      | Reached skill level 10 in Earth Magic
 10955 | D:8      | Found a glowing golden altar of the Shining One.
 11006 | D:8      | Found a glowing silver altar of Zin.
 11202 | D:8      | Noticed a cyan ugly thing
 11227 | D:8      | Killed a cyan ugly thing
 11227 | D:8      | Reached XP level 10. HP: 84/84 MP: 17/23
 11281 | D:9      | Found a staircase to the Orcish Mines.
 12173 | D:9      | Learned a level 3 spell: Stone Arrow
 12179 | D:9      | Learned a level 5 spell: Lee's Rapid Deconstruction
 12184 | D:9      | Learned a level 4 spell: Petrify
 12394 | D:9      | Found a hide-covered altar of Uskayaw.
 12509 | Orc:1    | Entered Level 1 of the Orcish Mines
 12537 | D:10     | Entered Level 10 of the Dungeon
 13367 | D:10     | Noticed Josephine
 13806 | D:10     | Found Keukuqish's Food Shoppe.
 13926 | D:10     | Reached skill level 11 in Earth Magic
 14393 | D:11     | Noticed a green ugly thing
 14402 | D:11     | Killed a green ugly thing
 14769 | D:11     | Found a staircase to the Lair.
 14770 | D:11     | Noticed a centaur warrior
 14792 | D:11     | Noticed Erica
 14803 | D:11     | Killed Erica
 14803 | D:11     | Noticed a manticore
 14817 | D:11     | Killed a manticore
 15282 | D:11     | Killed a centaur warrior
 15282 | D:11     | Reached XP level 11. HP: 67/94 MP: 15/26
 15338 | D:11     | Found Ofoasuru's Magic Scroll Emporium.
 15359 | D:11     | Bought a scroll of identify for 22 gold pieces
 15359 | D:11     | Bought a scroll of identify for 22 gold pieces
 15359 | D:11     | Bought a scroll of identify for 22 gold pieces
 15359 | D:11     | Bought 2 scrolls of identify for 44 gold pieces
 15359 | D:11     | Bought a scroll of enchant armour for 82 gold pieces
 15824 | D:12     | Noticed Nergalle
 16064 | D:12     | Killed an unseen horror
 16069 | D:12     | Reached skill level 12 in Earth Magic
 16490 | D:12     | Killed an unseen horror
 17001 | D:12     | Noticed a four-headed hydra
 17003 | D:12     | Killed a four-headed hydra
 17132 | D:12     | Found a portal to a secret trove of treasure.
 17147 | D:12     | Noticed a two-headed ogre
 17152 | D:12     | Killed a two-headed ogre
 17180 | D:12     | Killed Nergalle
 17610 | D:12     | Found an opulent altar of Gozag.
 17734 | D:13     | Reached skill level 13 in Earth Magic
 17980 | D:13     | Noticed a centaur warrior
 17980 | D:13     | Noticed a six-headed hydra
 17980 | D:13     | Noticed a tengu warrior
 18192 | D:13     | Reached XP level 12. HP: 104/104 MP: 16/29
 18196 | D:13     | Killed a six-headed hydra
 18331 | D:13     | Noticed a catoblepas
 18372 | D:13     | Noticed a five-headed hydra
 18582 | D:13     | Noticed a fire dragon
 18641 | D:13     | Noticed a centaur warrior
 18916 | D:13     | Noticed a centaur warrior
 18920 | D:13     | Killed a centaur warrior
 18928 | D:13     | Identified the cursed +0 rapier of Vuckurgha {pain, Str+4}
 18929 | D:13     | Killed a catoblepas
 18939 | D:13     | HP: 2/104 [manticore/volley of spikes (21)]
 18943 | D:13     | Shot with an arrow by a centaur

Skill      XL: |  1  2  3  4  5  6  7  8  9 10 11 12 |
---------------+-------------------------------------+-----
Earth Magic    | 3 4 5 6 8 10 11 13 | 13.6
Spellcasting   | 2 3 4 5 6 7 8 9 |  9.2
Fighting       | 1 2 3 4 5 6 8 9 |  9.1
Dodging        | 2 3 |  3.7
Stealth        | |  1.7
Transmutations | |  0.8

Action                   |  1- 3 |  4- 6 |  7- 9 | 10-12 || total
-------------------------+-------+-------+-------+-------++-------
Melee: Unarmed           |    35 |       |       |       ||    35
       Short sword       |       |    24 |       |       ||    24
       Quarterstaff      |       |   107 |   167 |       ||   274
       War axe           |       |       |   196 |   170 ||   366
 Cast: Sandblast         |    53 |    25 |    90 |    96 ||   264
       Lee's Rapid Decon |       |       |       |    54 ||    54
       Petrify           |       |       |       |     4 ||     4
       Stone Arrow       |       |       |       |     9 ||     9
Evoke: Wand              |       |       |     7 |     3 ||    10
  Use: Potion            |       |       |     6 |    14 ||    20
       Scroll            |       |       |    12 |    17 ||    29
 Stab: Sleeping          |     2 |     2 |     6 |     2 ||    12
       Confused          |       |       |     1 |       ||     1
       Distracted        |       |       |     1 |       ||     1
       Paralysed         |       |       |     1 |       ||     1
       Petrified         |       |       |       |     3 ||     3
  Eat: Chunk             |     3 |     5 |    15 |    18 ||    41
       Ration            |       |       |     3 |     5 ||     8
Armor: Robe              |     9 |    25 |    41 |       ||    75
       Leather armour    |       |       |   103 |   115 ||   218
Dodge: Dodged            |    46 |   117 |   301 |   188 ||   652
